 Dungeon Crawl Stone Soup version 0.18-a0-1526-gcb34c7c (webtiles) character file.

37 HungrySpirit the Skirmisher (level 3, -3/36 HPs)
             Began as an Ogre Arcane Marksman on Mar 8, 2016.
             Slain by Natasha (6 damage)
             ... on level 2 of the Dungeon.
             The game lasted 00:02:42 (1108 turns).

HungrySpirit the Skirmisher (Ogre Arcane Marksman)  Turns: 1108, Time: 00:02:42

Health: -3/36      AC:  3    Str: 16 (17) XL:     3   Next: 41%
Magic:  4/4        EV:  9    Int: 10 (12) God:
Gold:   50         SH:  0    Dex:  7 (9)  Spells: 1 memorised, 3 levels left

rFire  . . .     SeeInvis .     h - +0 mace
rCold  . . .     Gourm    .     a - +0 robe
rNeg   . . .     Faith    .     (no shield)
rPois  .         Spirit   .     (helmet restricted)
rElec  .         Dismiss  .     (no cloak)
rCorr  .         Reflect  .     (gloves unavailable)
SustAt .         Harm     .     (boots unavailable)
MR     .....                    (no amulet)
Stlth  +.........               (no ring)
                                (no ring)

@: slowed, very slow, not resistant to hostile enchantments, very unstealthy
A: unfitting armour, tough skin 1
a: no special abilities


You were on level 2 of the Dungeon.
You were not hungry.

You visited 1 branch of the dungeon, and saw 3 of its levels.

You collected 50 gold pieces.

Inventory:

Hand Weapons
 h - a +0 mace (weapon)
Armour
 a - a +0 robe (worn)
Scrolls
 j - a scroll of amnesia {unknown}
 n - a scroll of identify {unknown}
 o - a scroll of remove curse {unknown}
Books
 b - a book of Debilitation

   Spells                             Type                      Level
   a - Corona                         Hexes                        1
   b - Slow                           Hexes                        2
   c - Gell's Gravitas                Hexes/Translocation          3
   d - Inner Flame                    Hexes/Fire                   3
   e - Cause Fear                     Hexes                        4
   f - Leda's Liquefaction            Hexes/Earth                  4
Comestibles
 c - 3 chunks of flesh
 f - a bread ration
 g - a slice of pizza
 m - a meat ration


   Skills:
 + Level 2.6 Fighting
 * Level 2.6 Maces & Flails
 - Level 2.2 Throwing
 - Level 1.7 Dodging
 - Level 1.2 Spellcasting
 - Level 2.1 Hexes


You had 3 spell levels left.
You knew the following spells:

 Your Spells              Type           Power        Failure   Level  Hunger
a - Corona                Hex            #......      17%         1    ##.....


Dungeon Overview and Level Annotations

Branches:
Dungeon (3/15)

Altars:

Annotations:
D:2 Natasha, Sigmund


Innate Abilities, Weirdness & Mutations

You are too large for most types of armour.
You have tough skin (AC +1).


Message History

Natasha struggles against the net.
Natasha casts a spell at you. The magic dart hits you!
Natasha struggles against the net.
You hit Natasha.
Natasha is severely wounded.
Natasha struggles against the net. x2
The helpless Natasha fails to defend herself.
You hit Natasha.
Natasha is almost dead.
Natasha struggles to escape the net.
Natasha breaks free.
Natasha claws you!
* * * LOW HITPOINT WARNING * * *
You hit Natasha but do no damage.
Natasha is almost dead.
Natasha closely misses you. Natasha claws you.
* * * LOW HITPOINT WARNING * * *
You closely miss Natasha.
Natasha is almost dead.
Natasha casts a spell.
Natasha claws you.
You die...

#.###.##...#####.#.#
#...#......##....#.#
##..#.###...#.......
######......#...........
#......###..#.###.......
#.####...#......#......#
#># #...#.###..#.###..#
#.# #.......#......# ##
#.# #.@###..#.###..#.#
#.# #.h5.#....).#....#
#.# #.#..#.###..#.####
... ..#......#....# #.#
####.###..#..### #.# #..
#.....# #.# #..#.....#
#....####.# #!.........#


You could see Natasha and a crimson imp.

Vanquished Creatures
  An adder (D:2)
  2 dart slugs
  A ball python (D:2)
  2 giant cockroaches (D:1)
  A goblin (D:1)
  3 hobgoblins
  A kobold (D:1)
  A quokka (D:2)
  5 bats
  4 giant newts
  5 rats (D:1)
26 creatures vanquished.

Notes
Turn   | Place    | Note
--------------------------------------------------------------
     0 | D:1      | HungrySpirit the Ogre Arcane Marksman began the quest for the Orb.
     0 | D:1      | Reached XP level 1. HP: 19/19 MP: 2/2
   431 | D:1      | Reached XP level 2. HP: 22/28 MP: 3/3
   545 | D:1      | Reached skill level 1 in Maces & Flails
   970 | D:2      | Noticed Sigmund
   986 | D:3      | HP: 1/29 [adder (4)]
   998 | D:2      | Reached XP level 3. HP: 33/36 MP: 4/4
  1095 | D:2      | Noticed Natasha
  1108 | D:2      | Slain by Natasha

Vault maps used:
D:1:      dpeg_arrival_rooms_b
D:2:      first_bread, ecumenical_altar_1, minmay_misc_feat_iff,
          hangedman_decor_points, grunt_ministairs_1, uniq_sigmund,
          uniq_terence, uniq_natasha
D:3:      portal_sewer_entry_b

Skill      XL: |  1  2 |
---------------+-------+-----
Fighting       | 2 |  2.6
Maces & Flails | 2 |  2.6
Throwing       | |  2.2
Dodging        | |  1.7
Spellcasting   | |  1.2
Hexes          | |  2.1

Action                   || total
-------------------------++-------
Melee: Unarmed           ||    25
       Dagger            ||    21
       Mace              ||    65
Throw: Large rock        ||     6
       Throwing net      ||     2
  Use: Potion            ||     6
 Stab: Invisible         ||     2
       Held in net/web   ||     1
  Eat: Chunk             ||     1
